 Dungeon Crawl Stone Soup version 0.26-a0-20-g5f92b90fa0 (webtiles) character file.

Game seed: 1996266637610254163, levelgen mode: deterministic

99 Esekla the Slasher (level 4, 0/60 HPs)
             Began as a Draconian Chaos Knight on May 25, 2020.
             Was a Plaything of Xom.
             Slain by an ice beast (6 damage)
             ... on level 3 of the Dungeon.
             The game lasted 00:12:05 (1926 turns).

Esekla the Slasher (Draconian Chaos Knight)         Turns: 1926, Time: 00:12:07

Health: 0/60       AC: 22    Str: 13 (14) XL:     4   Next: 45%
Magic:  4/4        EV:  2    Int: 11 (13) God:    Xom [..*...]
Gold:   64         SH:  0    Dex: 11      Spells: 3/3 levels left

rFire    . . .     SeeInvis .   a - +0 falchion (chaos)
rCold    . . .     Gourm    .   (no shield)
rNeg     + + +     Faith    .   (armour unavailable)
rPois    +         Spirit   .   (helmet currently unavailable)
rElec    .         Reflect  .   (cloak currently unavailable)
rCorr    .         Harm     .   (gloves currently unavailable)
MR       .....     NoTele   +   (boots currently unavailable)
Stlth    +.........             (no amulet)
HPRegen  0.20/turn              (no ring)
MPRegen  0.09/turn              (no ring)

@: tree-form (expiring)
A: unfitting armour, deterioration 1, no potion heal 1, subdued magic 1, AC +5
a: Renounce Religion


You were on level 3 of the Dungeon.
You worshipped Xom.
You were a toy of Xom.
You were not hungry.
You were a tree.
You visited 1 branch of the dungeon, and saw 3 of its levels.

You collected 64 gold pieces.

Inventory:

Hand Weapons
 a - a +0 falchion of chaos (weapon)
 c - a +0 spear
Missiles
 h - 21 poisoned darts (quivered)
Armour
 g - a +0 pair of boots (melded)
Scrolls
 d - 2 scrolls of remove curse
 f - a scroll of fog {unknown}
 j - a scroll of teleportation {unknown}
Potions
 e - a potion of curing {unknown}
 i - a potion of flight
Comestibles
 b - 4 rations


   Skills:
 * Level 4.2 Fighting
 * Level 4.5 Long Blades
 + Level 0.1 Throwing
 + Level 2.4 Dodging


You had 3 spell levels left.
You didn't know any spells.
Your spell library was empty.

Dungeon Overview and Level Annotations

Branches:
Dungeon (3/15)

Altars:
Xom

Annotations:
D:2 1 runed translucent door, Crazy Yiuf


Innate Abilities, Weirdness & Mutations

((Your plain brown scales are hard. (AC +5)))
You cannot fit into any form of body armour.
((You are cold-blooded and may be slowed by cold attacks.))
Your body sometimes deteriorates upon taking damage.
Potions are less effective at restoring your health.
Your spells are a little easier to cast, but a little less powerful.


Message History

The ice beast freezes you!
* * * LOW HITPOINT WARNING * * *
You hit the ice beast.
The ice beast is moving more slowly.
The ice beast is lightly wounded. "Go forth and cause havoc, mortal!"
Your system partially rejects the healing.
You feel better.
Something bites you but does no damage. x2
The ice beast hits you but does no damage.
You strike the helpless ice beast from behind!
You hit the ice beast.
The ice beast is lightly wounded.
Something bites you but does no damage.
The ice beast hits you but does no damage.
You hit the ice beast but do no damage.
The ice beast flickers and vanishes!
Xom is highly amused!
Something bites you but does no damage. Something hits you.
* * * LOW HITPOINT WARNING * * *
Something freezes you.
You die... "Boring in life, boring in death..."

#.......[.#
#.<.....?.#
#.........#
#....[....#
###.........#
##....######..
#_.#### . #{##
#♣# #..{#
#_..# #.#..
#.### #. #


There were no monsters in sight!

Vanquished Creatures
  An adder (D:2)
  3 gnolls (D:2)
  4 oozes
  A leopard gecko (D:1)
  2 ball pythons (D:1)
  A bat (D:1)
  3 giant cockroaches (D:1)
  2 goblins (D:1)
  9 hobgoblins
  4 jackals
  3 kobolds
  2 frilled lizards
  8 rats
43 creatures vanquished.

Vanquished Creatures (others)
  A quokka (D:2)
1 creature vanquished.

Grand Total: 44 creatures vanquished

Notes
Turn   | Place    | Note
-------+----------+-------------------------------------------
     0 | D:1      | Esekla the Draconian Chaos Knight began the quest for the
                  | Orb.
     0 | D:1      | Reached XP level 1. HP: 19/19 MP: 1/1
    31 | D:1      | Reached XP level 2. HP: 24/26 MP: 2/2
   250 | D:2      | Found a runed translucent door.
   251 | D:2      | Noticed Crazy Yiuf
   289 | D:2      | XOM: divination: detect items
   293 | D:2      | Reached XP level 3. HP: 17/33 MP: 3/3
   477 | D:1      | XOM: silly message
   487 | D:1      | XOM: silly message
   596 | D:1      | You fall into a shaft and drop 1 floor!
   609 | D:2      | XOM: divination: detect creatures
   770 | D:1      | XOM: cloud trail
   815 | D:1      | Gained mutation: Your spells are a little easier to cast,
                  | but a little less powerful. [mutagenic glow]
   856 | D:1      | Gained mutation: Your body sometimes deteriorates upon
                  | taking damage. [mutagenic glow]
   887 | D:1      | Gained mutation: Potions are less effective at restoring
                  | your health. [mutagenic glow]
   911 | D:1      | Gained mutation: You have sharp fingernails. [mutagenic
                  | glow]
   934 | D:1      | Gained mutation: Your body often deteriorates upon taking
                  | damage. [mutagenic glow]
  1320 | D:1      | XOM: stat loss: -1 Int (11/12)
  1423 | D:2      | Reached XP level 4. HP: 26/40 MP: 4/4
  1882 | D:2      | XOM: destruction
  1893 | D:2      | XOM: give mutations
  1893 | D:2      | Lost mutation: You have sharp fingernails. [Xom's mischief]
  1893 | D:2      | Gained mutation: Scrolls take you a little longer to read.
                  | [Xom's mischief]
  1893 | D:2      | Lost mutation: Scrolls take you a little longer to read.
                  | [Xom's mischief]
  1893 | D:2      | Lost mutation: Your body often deteriorates upon taking
                  | damage. [Xom's mischief]
  1911 | D:3      | XOM: scenery: create altars
  1916 | D:3      | XOM: blink monster(s)
  1923 | D:3      | Noticed an ice beast
  1923 | D:3      | a worm changed into an ice beast
  1924 | D:3      | XOM: potion effect (curing)
  1926 | D:3      | Slain by an ice beast

Illustrated notes

Levels and vault maps discovered:
D:1:      psy_arrival_terrarium, layout_basic
D:2:      layout_basic, nicolae_overflow_crystal_walls, minmay_tetromino_i4,
          uniq_crazy_yiuf_cottage
D:3:      cheibrodos_fertilizer, layout_rooms,
          grunt_temple_overflow_gold_and_silver, kennysheep_ying_yang,
          marbit_many_paths, uniq_natasha, uniq_sigmund

Skill      XL: |  1  2  3 |
---------------+----------+-----
Long Blades    | 4 |  4.5
Fighting       | 4 |  4.2
Throwing       | |  0.1
Dodging        | |  2.4

Action                   |  1- 3 |  4- 6 || total
-------------------------+-------+-------++-------
Melee: Falchion          |   101 |    36 ||   137
       Tailslap          |    16 |       ||    16
Throw: Dart              |     2 |    10 ||    12
  Use: Scroll            |     6 |       ||     6
       Potion            |       |     1 ||     1
 Stab: Petrified         |     3 |       ||     3
       Petrifying        |     1 |     1 ||     2
       Sleeping          |     1 |       ||     1
  Eat: Chunk             |     1 |     2 ||     3
Armor: Skin              |    43 |    33 ||    76
Dodge: Dodged            |    75 |    29 ||   104
       Rpst.: Falchion   |    31 |     7 ||    38

Table legend:
 A = Non-vault XP
 B = Vault XP
 C = Vault XP percentage of total XP
 D = Non-vault monster count
 E = Vault monster count
 F = Vault count percentage of total count
                 A         B        C        D         E       F
            +---------+---------+-------+---------+---------+-------
      Total |     141 |       1 |   0.7 |      42 |       1 |   2.3
            +---------+---------+-------+---------+---------+-------
        D:1 |      63 |       0 |   0.0 |      27 |       0 |   0.0
        D:2 |      78 |       1 |   1.3 |      15 |       1 |   6.2
            +---------+---------+-------+---------+---------+-------
